 Dungeon Crawl Stone Soup version 0.22-a0-441-gcf5b0c6 (webtiles) character file.

23 4thArraOfDagon the Insei (level 3, -9/23 HPs)
             Began as a Kobold Monk on May 30, 2018.
             Killed by divine providence
             ... invoked by an orc priest
              (15 damage)
             ... on level 4 of the Dungeon.
             The game lasted 00:02:35 (619 turns).

4thArraOfDagon the Insei (Kobold Monk)               Turns: 619, Time: 00:02:35

Health: -9/23      AC:  3    Str:  8    XL:     3   Next: 12%
Magic:  3/3        EV: 16    Int: 12    God:
Gold:   14         SH:  0    Dex: 17    Spells: 2/2 levels left

rFire    . . .     SeeInvis .     - Unarmed
rCold    . . .     Gourm    .   (shield restricted)
rNeg     . . .     Faith    .   a - +0 robe
rPois    .         Spirit   .   (no helmet)
rElec    .         Reflect  .   (no cloak)
rCorr    .         Harm     .   c - +0 pair of gloves
MR       .....                  (no boots)
Stlth    ++........             (no amulet)
HPRegen  0.07/turn              (no ring)
MPRegen  0.08/turn              (no ring)

@: lethally poisoned (-9 -> -17)
A: small, carnivore
a: no special abilities


You were on level 4 of the Dungeon.
You were full.

You visited 1 branch of the dungeon, and saw 4 of its levels.

You collected 14 gold pieces.

Inventory:

Hand Weapons
 e - a cursed -1 blowgun
Missiles
 f - 8 poisoned needles
Armour
 a - a +0 robe (worn)
 c - a +0 pair of gloves (worn)
Scrolls
 h - a scroll of amnesia {unknown}
 i - 2 scrolls of remove curse {unknown}
 j - a scroll of fear {unknown}
 k - a scroll of noise {unknown}
Potions
 d - a potion of haste {unknown}
 l - a potion of resistance {unknown}
Comestibles
 b - 2 rations


   Skills:
 - Level 3.2 Fighting
 - Level 3.6 Dodging
 - Level 2.6 Stealth
 * Level 4.1 Unarmed Combat


You had 2 spell levels left.
You didn't know any spells.
Your spell library was empty.

Dungeon Overview and Level Annotations

Branches:
Dungeon (4/15)
 Temple: D:4-7

Altars:
Kikubaaqudgha
Makhleb
Uskayaw
Zin


Innate Abilities, Weirdness & Mutations

You are small and have problems with some larger weapons.
You are carnivorous and can eat meat at any time.


Message History

The giant cockroach is severely wounded.
You feel sick. The adder completely misses you.
The worker ant barely misses you.
The giant cockroach bites you but does no damage.
Unknown command.
You barely miss the giant cockroach.
The giant cockroach is severely wounded.
The adder bites you. The worker ant bites you.
The giant cockroach closely misses you.
Unknown command.
The orc priest shouts!
You hit the giant cockroach.
You kill the giant cockroach!
You feel sick. The adder bites you but does no damage.
The worker ant bites you.
* * * LOW HITPOINT WARNING * * *
The orc priest mumbles some strange prayers to Beogh against you.
Beogh smites you!
Ouch! That really hurt!
You die...

#........ #........
##........ #.........
#......../. #...........
##.o>.........
#..@o.........
#.oSa.........
#.............
####............. #..
.................. #...
..................
###...############........
##...#...s #...o....
#........# ####........


You could see a worker ant, an orc priest, an adder and 3 orcs.

Vanquished Creatures
  An adder (D:4)
  A dart slug (D:1)
  A leopard gecko (D:3)
  2 giant cockroaches
  A hobgoblin (D:3)
  A bat (D:3)
  2 frilled lizards
  3 kobolds
12 creatures vanquished.

Notes
Turn   | Place    | Note
-------+----------+-------------------------------------------
     0 | D:1      | 4thArraOfDagon the Kobold Monk began the quest for the Orb.
     0 | D:1      | Reached XP level 1. HP: 14/14 MP: 1/1
    95 | D:3      | Reached XP level 2. HP: 15/19 MP: 2/2
   122 | D:3      | Found a glowing silver altar of Zin.
   305 | D:3      | Found a burning altar of Makhleb.
   429 | D:4      | Found a hide-covered altar of Uskayaw.
   429 | D:4      | Found an ancient bone altar of Kikubaaqudgha.
   533 | D:4      | Reached skill level 4 in Unarmed Combat
   533 | D:4      | Reached XP level 3. HP: 18/23 MP: 3/3
   569 | D:4      | Noticed an ogre
   619 | D:4      | Killed from afar by an orc priest

Vault maps used:
D:1:      evilmike_arrival_rings, hex_large
D:3:      old_standard_altar, nicolae_overflow_hidden_temple
D:4:      gammafunk_temple_overflow_wave, first_ration, uniq_ijyb

Skill      XL: |  1  2 |
---------------+-------+-----
Unarmed Combat | 4 |  4.1
Fighting       | |  3.2
Dodging        | |  3.6
Stealth        | |  2.6

Action                   || total
-------------------------++-------
Melee: Unarmed           ||    59
       Punch             ||     2
  Use: Potion            ||     2
  Eat: Chunk             ||     4
Armor: Robe              ||    10
Dodge: Dodged            ||    59

Table legend:
 A = Spawn XP
 B = Non-spawn XP
 C = Spawn XP percentage of total XP
 D = Spawn monster count
 E = Non-spawn monster count
 F = Spawn count percentage of total count
 G = Total turns spent on level
                    A         B        C        D         E        F      G
               +---------+---------+-------+---------+---------+-------+---------
         Total |       0 |      34 |   0.0 |       0 |      12 |   0.0 |   619
               +---------+---------+-------+---------+---------+-------+---------
           D:1 |       0 |       5 |   0.0 |       0 |       2 |   0.0 |    43
           D:2 |       0 |       1 |   0.0 |       0 |       1 |   0.0 |    32
           D:3 |       0 |      12 |   0.0 |       0 |       7 |   0.0 |   322
           D:4 |       0 |      16 |   0.0 |       0 |       2 |   0.0 |   222
               +---------+---------+-------+---------+---------+-------+---------
